 Dungeon Crawl Stone Soup version 0.28-a0-687-gb91baff9cc (webtiles) character file.

Game seed: 2063083556412820599

22 spiderkeys the Skirmisher (level 2, 0/16 HPs)
             Began as a Vine Stalker Abyssal Knight on Oct 20, 2021.
             Was a Follower of Lugonu.
             Frozen to death by an endoplasm (3 damage)
             ... on level 1 of the Dungeon.
             The game lasted 00:00:31 (471 turns).

spiderkeys the Skirmisher (VSAK)                     Turns: 471, Time: 00:00:31

Health: 0/16       AC:  3    Str: 15    XL:     2   Next: 91%
Magic:  0/4        EV: 11    Int: 10    God:    Lugonu [*.....]
Gold:   0          SH:  0    Dex: 14    Spells: 1/1 levels left

rFire   . . .      SeeInvis .   a - +1 short sword
rCold   . . .      Faith    .   (no shield)
rNeg    . . .      Spirit   +   b - +0 leather armour
rPois   .          Reflect  .   (no helmet)
rElec   .          Harm     .   (no cloak)
rCorr   .          Rampage  .   (no gloves)
Will    .....                   (no boots)
Stlth   +.........              (no amulet)
HPRegen 0.05/turn               (no ring)
MPRegen 0.09/turn               (no ring)

@: no status effects
A: fangs 2, magic shield, antimagic bite, no potion heal 2
a: Renounce Religion, Depart the Abyss


You were on level 1 of the Dungeon.
You worshipped Lugonu.
Lugonu was aware of your devotion.
You visited 1 branch of the dungeon, and saw 1 of its levels.
You visited the Abyss 1 time.


Innate Abilities, Weirdness & Mutations

You have extremely sharp teeth.
When hurt, damage is shared between your health and your magic reserves.
Your bite disrupts and absorbs the magic of your enemies.
Potions cannot restore your health.


   Skills:
 + Level 3.0 Fighting
 + Level 2.1 Short Blades
 - Level 1.5 Armour
 + Level 1.2 Dodging
 + Level 2.2 Invocations


You had one spell level left.
You didn't know any spells.
Your spell library was empty.

Inventory:

Hand Weapons
 a - a +1 short sword (weapon)
Missiles
 d - 15 stones
Armour
 b - a +0 leather armour (worn)
Potions
 c - a potion of curing {unknown}
 e - a potion of resistance {unknown}

Dungeon Overview and Level Annotations

Branches:
Dungeon (1/15)

Altars:

.. #.......# .##
#.......## ..#
#........# ##
#.#####........# ..
#.##.....).....# ##.
#.##...........# . #)?
#..#..........##
....##S##..#..........#
?....hwJ@.............#
.....hS####.###+#.....#
....... #..##+#.....#
......# ##.#........#
...... #......#####
......#######.....#
#.... +...........#
#...) ######.#....#
#.#..#.#


You could see a dart slug, an endoplasm, 2 jackals and 2 ball pythons.


Message History

Lugonu accepts your kill.
Key pressed, stopping explore.
Key pressed, stopping explore.
e - a bubbling cyan potion 😎 HP[+5] MP[+1]
Your hp is fully restored (16).
Your mp is fully restored (4).
A jackal comes into view.
A jackal is nearby!
A jackal is nearby! 2 jackals and an endoplasm come into view.
The jackal barks! x2; You hear an angry hiss.
A ball python comes into view.
A ball python, an endoplasm and a kobold come into view.
The kobold shouts!
The endoplasm quivers.
The ball python hisses angrily.
A dart slug comes into view.
A jackal comes into view. x2
The kobold moves out of view.
The jackal barks! x2
You hit the ball python but do no damage.
The jackal bites you. The ball python barely misses you.
The ball python grabs you. The ball python constricts you.
The ball python bites you. 😮 HP[-5] MP[-2]
You take 5 damage, and now have 11/16 hp.
MASSIVE DAMAGE!! (PAUSE)
You lost 2 mp, and now have 2/4 mp.
You puncture the jackal!
You kill the jackal!
Lugonu accepts your kill. The ball python barely misses you.
The ball python constricts you. The ball python bites you. 😮 HP[-2]
You take 2 damage, and now have 9/16 hp.
You escape the ball python's grasp.
The jackal bites you.
* * * LOW HITPOINT WARNING * * *
😨 HP[-3]
You take 3 damage, and now have 6/16 hp.
You puncture the jackal!
You kill the jackal!
Lugonu accepts your kill. The ball python misses you.
The ball python grabs you. The ball python constricts you.
You barely miss the ball python.
A ball python comes into view.
The ball python completely misses you. The ball python constricts you.
The endoplasm jiggles.
You barely miss the ball python.
The ball python bites you but does no damage.
The ball python constricts you.
A kobold comes into view. It is wielding a +0 dagger.
The kobold shouts!
You hit the ball python.
You kill the ball python!
Lugonu accepts your kill.
You closely miss the ball python.
A jackal comes into view.
The ball python closely misses you. The ball python barely misses you.
The jackal barks!
You hit the ball python.
You kill the ball python!
Lugonu accepts your kill. The jackal misses you.
You puncture the jackal!
You kill the jackal!
Lugonu accepts your kill.
A ball python comes into view.
Unknown command.
You barely miss the jackal. The jackal bites you.
* * * LOW HITPOINT WARNING * * *
The jackal closely misses you. 😨 HP[-1]
You take 1 damage, and now have 5/16 hp.
The ball python hisses angrily.
You hit the jackal but do no damage. Your bite misses the jackal.
The jackal bites you but does no damage.
You hit the jackal. You bite the jackal, but do no damage.
The jackal bites you.
* * * LOW HITPOINT WARNING * * *
The jackal bites you but does no damage. 😱 HP[-2]
You take 2 damage, and now have 3/16 hp.
You closely miss the jackal. Your bite misses the jackal.
The jackal bites you but does no damage.
Unknown command.
You puncture the jackal!
You kill the jackal!
Lugonu accepts your kill.
Your Fighting skill increases to level 3!
You hit the kobold but do no damage. The kobold barely misses you.
The endoplasm jiggles.
You hit the kobold.
You kill the kobold!
Lugonu accepts your kill.
You hit the endoplasm.
You bite the endoplasm, but do no damage.
The endoplasm freezes you.
You are frozen.
You die...

Skill      XL: |  1  2 |
---------------+-------+-----
Dodging        | 1 |  1.2
Invocations    | 2 |  2.2
Short Blades   | 2 |  2.1
Fighting       | 3 |  3.0
Armour         | |  1.5

Action                   || total
-------------------------++-------
Melee: Short sword       ||    46
       Bite              ||    11
Invok: Depart the Abyss  ||     1
Armor: Leather armour    ||    12
Dodge: Dodged            ||    29

Levels and vault maps discovered:
D:1:      dpeg_arrival_erosion, layout_basic, minmay_split_cup_small

Notes
Turn   | Place    | Note
-------+----------+-------------------------------------------
     0 | Abyss:1  | spiderkeys the Vine Stalker Abyssal Knight began the quest
                  | for the Orb.
     0 | Abyss:1  | Reached XP level 1. HP: 11/11 MP: 3/3
     0 | Abyss:1  | magus.rc [v1.9.10]
    18 | D:1      | You pass through the gate.
    18 | D:1      | Escaped the Abyss
   241 | D:1      | Reached skill level 1 in Dodging
   244 | D:1      | Reached skill level 2 in Invocations
   244 | D:1      | Reached XP level 2. HP: 16/16 MP: 4/4
   312 | D:1      | Reached skill level 2 in Short Blades
   317 | D:1      | Reached * piety under Lugonu
   466 | D:1      | HP: 3/16 [jackal (2)]
   469 | D:1      | Reached skill level 3 in Fighting
   471 | D:1      | Frozen to death by an endoplasm

Vanquished Creatures
  A dart slug (D:1)
  An endoplasm (D:1)
  2 giant cockroaches (D:1)
  A goblin (D:1)
  4 jackals (D:1)
  2 kobolds (D:1)
  4 ball pythons (D:1)
  2 rats (D:1)
17 creatures vanquished.

Table legend:
 A = Non-vault XP
 B = Vault XP
 C = Vault XP percentage of total XP
 D = Non-vault monster count
 E = Vault monster count
 F = Vault count percentage of total count
                 A         B        C        D         E       F
            +---------+---------+-------+---------+---------+-------
      Total |      31 |       1 |   3.1 |      16 |       1 |   5.9
            +---------+---------+-------+---------+---------+-------
        D:1 |      31 |       1 |   3.1 |      16 |       1 |   5.9
            +---------+---------+-------+---------+---------+-------

Illustrated notes

Table legend:
 A = Kills in this place as a percentage of kills in entire the game.
 B = Kills by you in this place as a percentage of kills by you in the entire game.
 C = Kills by friends in this place as a percentage of kills by friends in the entire game.
 D = Other kills in this place as a percentage of other kills in the entire game.
 E = Experience gained in this place as a percentage of experience gained in the entire game.
 F = Experience gained in this place divided by the number of levels of this place that you have seen.
                   A       B       C       D       E      F
               +-------+-------+-------+-------+-------+----------------------
         Total | 100.0 | 100.0 |   N/A |   N/A | 100.0 |  10.7
       Dungeon | 100.0 | 100.0 |   N/A |   N/A | 100.0 |  32.0
               +-------+-------+-------+-------+-------+----------------------

Table legend: (Time is in decaauts)
 A = Elapsed time spent in this place.
 B = Non-inter-level travel time spent in this place.
 C = Inter-level travel time spent in this place.
 D = Time resting spent in this place.
 E = Time spent auto-exploring this place.
 F = Levels seen in this place.
 G = Mean time per level.
                   A        B        C        D        E       F      G
               +--------+--------+--------+--------+--------+-----+--------+
         Total |    470 |    470 |      0 |      0 |    386 |   3 |  156.7 |
       Dungeon |    452 |    452 |      0 |      0 |    373 |   1 |  452.0 |
         Abyss |     17 |     17 |      0 |      0 |     13 |   2 |    8.5 |
               +--------+--------+--------+--------+--------+-----+--------+

Top non-repeatable levels by time:
     D:1: 452 daAuts
 Abyss:1: 14 daAuts
 Abyss:2: 3 daAuts
